 Dungeon Crawl Stone Soup version 0.29.0-7-g18a832c13a (webtiles) character file.

Game seed: 15141434126265158696

2699 Ijustatesigmund the Deliberate (level 9, 0/82 HPs)
             Began as a Hill Orc Fighter on Aug 31, 2022.
             Was a Follower of Cheibriados.
             Killed from afar by a steam dragon (8 damage)
             ... with a ball of steam
             ... on level 7 of the Dungeon.
             The game lasted 00:11:48 (7202 turns).

Ijustatesigmund the Deliberate (Hill Orc Fighter)   Turns: 7202, Time: 00:11:48

Health: 0/82       AC:  9    Str: 23    XL:     9   Next: 65%
Magic:  19/19      EV:  9    Int: 12    God:    Cheibriados [*.....]
Gold:   266        SH:  6    Dex: 12    Spells: 8/8 levels left

rFire   . . .      SeeInvis .   a - +2 war axe
rCold   . . .      Faith    .   c - +1 buckler
rNeg    . . .      Spirit   .   b - +0 scale mail
rPois   .          Reflect  .   (no helmet)
rElec   .          Harm     .   d - +1 cloak
rCorr   .          Rampage  .   (no gloves)
Will    .....                   (no boots)
Stlth   ..........              f - amulet of the acrobat
HPRegen 0.23/turn               (no ring)
MPRegen 0.16/turn               (no ring)

@: studying Invocations, very slow
A: no striking features
a: Renounce Religion, Bend Time


You were on level 7 of the Dungeon.
You worshipped Cheibriados.
Cheibriados was aware of your devotion.
You visited 2 branches of the dungeon, and saw 8 of its levels.

You collected 266 gold pieces.

Inventory:

Hand Weapons
 a - a +2 war axe (weapon)
 e - a +0 war axe
Armour
 b - a +0 scale mail (worn)
 c - a +1 buckler (worn)
 d - a +1 cloak (worn)
Jewellery
 f - an amulet of the acrobat (around neck)
 i - an amulet of guardian spirit
Wands
 v - a wand of digging (2)
Scrolls
 j - 2 scrolls of fog
 p - a scroll of identify
 s - 2 scrolls of enchant armour
Potions
 g - 2 potions of attraction
 h - a potion of brilliance
 k - 2 potions of magic
 l - 2 potions of mutation
 m - 2 potions of curing
 o - a potion of resistance
 q - 2 potions of ambrosia {unknown}
 r - 2 potions of flight {unknown}
 t - a potion of cancellation {unknown}


   Skills:
 - Level 8.5 Fighting
 - Level 8.9 Axes
 - Level 5.3 Armour
 - Level 4.3 Shields
 + Level 14.1 Invocations


You had 8 spell levels left.
You didn't know any spells.
Your spell library contained the following spells:

 Spells                   Type           Power      Damage    Failure   Level
 Sublimation of Blood     Necr           0%         N/A       83%         2
 Wereblood                Tmut           0%         N/A       83%         2
 Petrify                  Tmut/Erth      0%         N/A       100%        4
 Irradiate                Conj/Tmut      0%         3d11      100%        5
 Summon Forest            Summ/Tloc      0%         N/A       100%        5
 Summon Mana Viper        Hex/Summ       0%         N/A       100%        5
 Summon Cactus Giant      Summ           0%         N/A       100%        6
 Summon Hydra             Summ           0%         N/A       100%        7


Dungeon Overview and Level Annotations

Branches:
Dungeon (7/15)             Temple (1/1) D:5

Altars:
Ashenzari
Cheibriados
Dithmenos
Elyvilon
Gozag
Hepliaklqana
Kikubaaqudgha
Makhleb
Nemelex Xobeh
Qazlal
Ru
Sif Muna
Trog
Uskayaw
Vehumet
Wu Jian
Xom
Yredelemnul
Zin
The Shining One


Message History

The steam dragon breathes steam at you. The ball of steam hits you!!
* * * LOW HITPOINT WARNING * * *
Your Invocations skill increases to level 14!
You hit the steam dragon but do no damage.
The steam dragon is heavily wounded.
The gnoll barely misses you. The steam dragon barely misses you.
The steam dragon claws you but does no damage.
You slash the steam dragon!
The steam dragon is almost dead.
You block the gnoll's attack. The steam dragon barely misses you.
The steam dragon claws you but does no damage.
You barely miss the steam dragon.
The steam dragon is almost dead.
The gnoll hits you from afar with a +0 halberd!
* * * LOW HITPOINT WARNING * * *
The steam dragon barely misses you. The steam dragon claws you.
* * * LOW HITPOINT WARNING * * *
Okay, then.
Okay, then.
You closely miss the steam dragon.
The steam dragon is almost dead.
You block the gnoll's attack. You block the steam dragon's attack.
The steam dragon claws you.
* * * LOW HITPOINT WARNING * * *
Unknown command.
Okay, then.
You feel better.
You are engulfed in a cloud of scalding steam.
* * * LOW HITPOINT WARNING * * *
The gnoll hits you from afar with a +0 halberd.
* * * LOW HITPOINT WARNING * * *
The steam dragon closely misses you.
The steam dragon claws you but does no damage.
You hit the steam dragon but do no damage.
The steam dragon is almost dead.
You block the gnoll's attack. The steam dragon breathes steam at you.
The ball of steam hits you!
You die...

...[..............##)§§.....
.~~..........?....##<§§.....
.....................§......
_§..........................
........).......#.###.......
...)...<÷...###...##........
..........).................
#....##..#..................
..............@.............
..............D)......
............g.........
........#>............
...........###.......
........#### #...... ..####
...... ......


You could see a steam dragon (catching breath) and a gnoll.

Vanquished Creatures
  Grinder (D:3)
  A steam dragon (D:6)
  Menkaure (D:5)
  A water moccasin (D:6)
  Duvessa (D:6)
  An orc warrior (D:6)
  2 ice beasts (D:6)
  3 black bears
  3 centaurs
  A phantom (D:6)
  A kobold brigand (D:6)
  A bullfrog (D:4)
  A scorpion (D:4)
  A necrophage (D:5)
  Dowan (D:6)
  A howler monkey (D:6)
  A centaur zombie (D:4)
  4 jellies
  3 hounds
  A gnoll bouda (D:6)
  An orc priest (D:5)
  4 iguanas
  5 orc wizards
  A hound zombie (D:4)
  11 adders
  5 gnolls
  A shadow imp (D:7)
  3 white imps
  An ufetubus (D:5)
  3 adder zombies (D:4)
  4 worms
  4 dart slugs
  19 orcs
  11 ball pythons
  5 bats
  6 endoplasms
  8 giant cockroaches
  6 goblins
  6 hobgoblins (D:2)
  7 jackals
  4 quokkas
  3 frilled lizards (D:1)
  15 kobolds
  9 rats
172 creatures vanquished.

Vanquished Creatures (others)
  2 plants (D:5)
2 creatures vanquished.

Grand Total: 174 creatures vanquished

Notes
Turn   | Place    | Note
-------+----------+-------------------------------------------
     0 | D:1      | Ijustatesigmund the Hill Orc Fighter began the quest for
                  | the Orb.
     0 | D:1      | Reached XP level 1. HP: 19/19 MP: 1/1
   139 | D:1      | Reached XP level 2. HP: 27/27 MP: 2/2
   526 | D:1      | Found a faded altar of an unknown god.
   598 | D:1      | Reached XP level 3. HP: 34/34 MP: 3/3
   875 | D:2      | HP: 2/51 [poisoned by an adder]
  1179 | D:2      | Reached XP level 4. HP: 41/41 MP: 4/4
  1427 | D:2      | Found a glowing silver altar of Zin.
  1480 | D:2      | Reached skill level 5 in Fighting
  1908 | D:3      | Reached skill level 5 in Axes
  1914 | D:3      | Reached XP level 5. HP: 46/48 MP: 5/5
  2219 | D:3      | Noticed Grinder
  2230 | D:3      | Killed Grinder
  2231 | D:3      | Reached XP level 6. HP: 24/58 MP: 6/6
  2458 | D:4      | You fall into a shaft and drop 2 floors!
  2569 | D:6      | Reached XP level 7. HP: 64/64 MP: 7/7
  2582 | D:5      | Entered Level 5 of the Dungeon
  2655 | D:5      | Found a glowing golden altar of the Shining One.
  2956 | D:4      | Found an ancient bone altar of Kikubaaqudgha.
  3558 | D:4      | Found a basalt altar of Yredelemnul.
  3564 | D:4      | Reached XP level 8. HP: 74/74 MP: 8/8
  3567 | D:4      | Reached skill level 5 in Armour
  4660 | D:5      | Found a staircase to the Ecumenical Temple.
  4687 | Temple   | Entered the Ecumenical Temple
  4861 | Temple   | Became a worshipper of Cheibriados the Contemplative
  4937 | D:5      | Noticed Menkaure
  4941 | D:5      | Killed Menkaure
  4942 | D:5      | Reached skill level 4 in Invocations
  5202 | D:5      | Reached skill level 6 in Invocations
  5384 | D:6      | Reached skill level 7 in Invocations
  5461 | D:6      | Reached skill level 8 in Invocations
  5461 | D:6      | Reached XP level 9. HP: 70/82 MP: 13/15
  5527 | D:6      | Noticed Duvessa
  5529 | D:6      | Noticed Dowan
  5539 | D:6      | Killed Dowan
  5554 | D:6      | Killed Duvessa
  5555 | D:6      | Reached skill level 9 in Invocations
  5670 | D:6      | Reached skill level 10 in Invocations
  6197 | D:6      | Found a sacrificial altar of Ru.
  6311 | D:6      | Reached * piety under Cheibriados
  6312 | D:6      | Reached skill level 11 in Invocations
  6421 | D:6      | Found an ornate altar of the Wu Jian Council.
  6608 | D:6      | Found a bloodstained altar of Trog.
  6652 | D:6      | Reached skill level 12 in Invocations
  6893 | D:7      | Found a stormy altar of Qazlal.
  6904 | D:6      | Reached skill level 13 in Invocations
  7197 | D:7      | Reached skill level 14 in Invocations
  7202 | D:7      | Killed from afar by a steam dragon

Illustrated notes

Levels and vault maps discovered:
D:1:      dpeg_arrival_round_a, layout_rooms,
          hellmonk_ecumenical_altar_leap_of_faith, minmay_pentomino_v2
D:2:      minmay_kobold_bridge, layout_rooms, basic_altar
D:3:      layout_basic, uniq_grinder
D:4:      layout_basic, mainiacjoe_overflow_alcove_4,
          nicolae_yredelemnul_corpse_copse, minmay_manual_mullet
D:5:      layout_basic, tso_oasis_becter, minmay_temple_entry_glass,
          serial_glass, glass_columns_a, glass_columns_a, minmay_crystal_water,
          uniq_menkaure
D:6:      layout_basic, nicolae_overflow_crystal_walls,
          pdpol_wu_jian_five_deadly_venoms, trog_butcher_becter, uniq_duvessa
D:7:      layout_rooms, nicolae_qazlal_scattered_showers, enter_bailey_2,
          serial_corexii_hall, chequers_hall_statues_y, corexii_hall_statues_s
Temple:   dshaligram_water_room_temple

Skill      XL: |  1  2  3  4  5  6  7  8  9 |
---------------+----------------------------+-----
Axes           | 3 4 5 6 7 8 |  8.9
Fighting       | 4 5 6 7 8 |  8.5
Armour         | 4 5 |  5.3
Shields        | 4 |  4.3
Invocations    | 8 14 | 14.1

Action                   |  1- 3 |  4- 6 |  7- 9 || total
-------------------------+-------+-------+-------++-------
Melee: War axe           |    90 |   122 |   338 ||   550
  Use: Scroll            |     2 |    10 |    10 ||    22
       Potion            |     1 |     1 |     3 ||     5
Armor: Scale mail        |    41 |    47 |   169 ||   257
       Skin              |    18 |       |       ||    18
Dodge: Dodged            |    66 |    66 |   175 ||   307
Block: Buckler           |    24 |    32 |   104 ||   160
